 Dungeon Crawl Stone Soup version 0.23.0 (webtiles) character file.

Game seed: 6471531348139247676

4995 Borgoz the Protected (level 10, -8/53 HPs)
             Began as a Gargoyle Gladiator on Feb 9, 2019.
             Was a Follower of Ashenzari.
             Mangled by a cyclops (15 damage)
             ... on level 11 of the Dungeon.
             The game lasted 00:17:13 (8942 turns).

Borgoz the Protected (Gargoyle Gladiator)           Turns: 8942, Time: 00:17:13

Health: -8/53      AC: 21    Str: 21    XL:     10   Next: 54%
Magic:  10/10      EV: 12    Int:  8    God:    Ashenzari [*.....]
Gold:   569        SH:  2    Dex: 14    Spells: 9/9 levels left

rFire    . . .     SeeInvis .   a - +0 war axe
rCold    . . .     Gourm    .   (no shield)
rNeg     + . .     Faith    .   e - +0 chain mail
rPois    ∞         Spirit   .   c - +0 helmet
rElec    +         Reflect  +   d - +0 cloak
rCorr    .         Harm     .   (no gloves)
MR       .....                  (no boots)
Stlth    ..........             j - +2 amulet of reflection
HPRegen  0.17/turn              s - +2 ring of strength
MPRegen  0.12/turn              B - ring of stealth

@: no status effects
A: negative energy resistance 1, electricity resistance, unbreathing,
petrification resistance, rot immunity, AC +7
a: Curse Item, Scrying, Renounce Religion


You were on level 11 of the Dungeon.
You worshipped Ashenzari.
Ashenzari was aware of your devotion.
You were very hungry.

You visited 2 branches of the dungeon, and saw 12 of its levels.

You collected 569 gold pieces.

Inventory:

Hand Weapons
 a - a +0 war axe (weapon)
 b - a +0 blowgun
 z - a +1 whip of electrocution
 E - the cursed +0 hand crossbow of the Depths {flame, -Tele Str+2 Int+7}
   (You found it on level 6 of the Dungeon)

   It causes projectiles fired from it to burn those they strike, causing extra
   injury to most foes and up to half again as much damage against particularly
   susceptible opponents.
   It affects your strength (+2).
   It affects your intelligence (+7).
   It prevents most forms of teleportation.
   It has a curse placed upon it.
Missiles
 i - 5 curare-tipped needles
 o - 85 poisoned needles
 G - 2 tomahawks
 J - 4 throwing nets (quivered)
 T - 2 exploding tomahawks
Armour
 c - a +0 helmet (worn)
 d - a +0 cloak (worn)
 e - a +0 chain mail (worn)
 x - a +2 leather armour of cold resistance
 A - the +1 ring mail of Distant Shores {+Inv rF- Str+2}
   (You found it on level 7 of the Dungeon)

   It affects your strength (+2).
   It makes you vulnerable to fire.
   It lets you turn invisible.
 F - +0 ice dragon scales
 H - the +0 leather armour "Ristu" {rCorr Str+3}
   (You took it off an orc on level 6 of the Dungeon)

   It affects your strength (+3).
   It provides partial protection from all sources of acid and corrosion.
Jewellery
 j - a +2 amulet of reflection (around neck)
 s - a +2 ring of strength (left hand)
 w - an uncursed ring of wizardry
 B - a ring of stealth (right hand)
 L - a +5 amulet of reflection
Wands
 n - a wand of paralysis (5)
 t - a wand of flame (55)
 y - a wand of polymorph (18)
 D - a wand of enslavement (9)
 N - a wand of scattershot (3)
 O - a wand of acid (4)
 W - a wand of iceblast (7)
Scrolls
 g - 4 scrolls of teleportation
 l - 4 scrolls of magic mapping {unknown}
 m - 3 scrolls of random uselessness {unknown}
 p - 8 scrolls of remove curse
 q - a scroll of fear {unknown}
 r - 4 scrolls of enchant weapon {unknown}
 u - 2 scrolls of amnesia {unknown}
 v - 5 scrolls of immolation
 R - 3 scrolls of fog {unknown}
 V - a scroll of torment {unknown}
Potions
 h - 3 potions of mutation
 k - 4 potions of flight
 C - 3 potions of degeneration
 I - a potion of heal wounds
 K - 4 potions of curing
 M - a potion of might {unknown}
 Q - a potion of ambrosia {unknown}
 S - 2 potions of cancellation
Comestibles
 f - 29 rations


   Skills:
 - Level 2.1 Fighting
 + Level 8.6 Axes
 - Level 1.7 Throwing
 + Level 9.6 Armour
 + Level 7.8 Dodging


You had 9 spell levels left.
You didn't know any spells.
Your spell library contained the following spells:

 Spells                   Type           Power        Failure   Level  Hunger
 Animate Skeleton         Necr           N/A          96%         1    ##.....
 Apportation              Tloc           #.....       96%         1    ##.....
 Confusing Touch          Hex            #.....       96%         1    ##.....
 Pain                     Necr           #...         96%         1    ##.....
 Summon Small Mammal      Summ           #...         96%         1    ##.....
 Passwall                 Tmut/Erth      #.......     99%         2    ###....
 Sticks to Snakes         Tmut           #.......     99%         2    ###....
 Mephitic Cloud           Conj/Pois/Air  #.......     100%        3    ####...
 Regeneration             Chrm/Necr      #.........   100%        3    ####...
 Vampiric Draining        Necr           #.........   100%        3    ####...
 Airstrike                Air            #.........   100%        4    #####..
 Animate Dead             Necr           N/A          100%        4    #####..
 Statue Form              Tmut/Erth      Unusable     N/A         6    N/A

Dungeon Overview and Level Annotations

Branches:
Dungeon (11/15)            Temple (1/1) D:7            Lair (0/6) D:8
    Orc: D:9-12

Altars:
Ashenzari
Cheibriados
Dithmenos
Elyvilon
Fedhas
Gozag
Hepliaklqana
Kikubaaqudgha
Makhleb
Nemelex Xobeh
Okawaru
Qazlal
Ru
Sif Muna
Trog
Uskayaw
Vehumet
Wu Jian
Xom
Yredelemnul
Zin
The Shining One

Shops:
D:6 :   D:10 *

Annotations:
D:7 2 transporters, HEYYEYAAE's ghost, novice OpHu
D:10 2 transporters, Ukhluk's ghost, journeyman TrMo


Innate Abilities, Weirdness & Mutations

You are resistant to torment.
Your stone body is resilient. (AC +7)
You are immune to poison.
You resist negative energy. (rN+)
You are resistant to electric shocks. (rElec)
You can survive without breathing.
You are immune to petrification.
You are immune to rotting.


Message History

You hit the cyclops.
The cyclops is severely wounded.
The cyclops hits you but does no damage.
You completely miss the cyclops.
The cyclops is severely wounded.
The cyclops hits you!!
You hit the cyclops.
The cyclops is severely wounded.
The cyclops hits you!
* * * LOW HITPOINT WARNING * * *
You hit the cyclops.
The cyclops is almost dead.
You hit the cyclops but do no damage.
The cyclops is almost dead.
The cyclops hits you.
* * * LOW HITPOINT WARNING * * *
You hit the cyclops.
The cyclops is almost dead.
The cyclops hits you!
You die...

.$. .. ..
##. ... #.#
####
#.#....##
#@C....'.
###....##
...# ..# ##
.# #. #
######.
#....'.
#####.####.
#......# #.


You could see a cyclops.

Vanquished Creatures
  Harold (D:7)
  Grinder (D:3)
  A hippogriff (D:10)
  A wyvern (D:8)
  Sigmund (D:5)
  Menkaure (D:4)
  5 ice beasts
  An orc warrior (D:6)
  3 phantoms
  2 necrophages
  3 centaurs
  2 ogres
  Blork the orc (D:5)
  A big kobold (D:8)
  3 bullfrogs
  A scorpion (D:6)
  5 wights (D:6)
  A howler monkey (D:9)
  5 crimson imps
  4 hounds
  2 bullfrog skeletons
  A jelly (D:8)
  A centaur zombie (D:7)
  2 orc priests
  4 orc wizards
  Jessica (D:3)
  2 centaur skeletons
  4 iguanas
  6 worker ants
  2 hound zombies
  A worker ant zombie (D:6)
  A howler monkey zombie (D:9)
  8 adders
  2 shadow imps
  4 oozes
  An adder zombie (D:6)
  3 adder skeletons (D:4)
  6 worms
  4 dart slugs
  9 leopard geckos
  18 orcs
  A ball python (D:5)
  7 giant cockroaches
  11 goblins
  5 hobgoblins
  9 jackals
  5 quokkas
  6 bats
  8 frilled lizards
  6 kobolds
  9 rats
192 creatures vanquished.

Vanquished Creatures (others)
  An orc (D:5)
  6 plants (D:7)
7 creatures vanquished.

Grand Total: 199 creatures vanquished

Notes
Turn   | Place    | Note
-------+----------+-------------------------------------------
     0 | D:1      | Borgoz the Gargoyle Gladiator began the quest for the Orb.
     0 | D:1      | Reached XP level 1. HP: 12/12 MP: 1/1
   201 | D:1      | Reached XP level 2. HP: 17/17 MP: 2/2
   285 | D:1      | Reached skill level 1 in Armour
   462 | D:1      | Reached XP level 3. HP: 21/21 MP: 3/3
   978 | D:2      | Reached skill level 2 in Armour
   978 | D:2      | Reached XP level 4. HP: 23/26 MP: 4/4
  1165 | D:2      | Found an opulent altar of Gozag.
  1254 | D:2      | Found a faded altar of an unknown god.
  1544 | D:3      | Reached XP level 5. HP: 28/30 MP: 5/5
  1649 | D:3      | Noticed Jessica
  1656 | D:3      | Killed Jessica
  1729 | D:3      | Found a blossoming altar of Fedhas.
  1814 | D:3      | Noticed Grinder
  1816 | D:3      | Paralysed by Grinder for 2 turns
  1821 | D:3      | Paralysed by Grinder for 6 turns
  1831 | D:3      | Paralysed by Grinder for 2 turns
  1848 | D:3      | Paralysed by Grinder for 3 turns
  1851 | D:3      | Killed Grinder
  1851 | D:3      | Reached skill level 3 in Armour
  1851 | D:3      | Reached XP level 6. HP: 19/35 MP: 6/6
  1939 | D:3      | Reached skill level 4 in Armour
  2085 | D:2      | Found a sacrificial altar of Ru.
  2085 | D:2      | Found an ornate altar of the Wu Jian Council.
  2264 | D:4      | Reached XP level 7. HP: 36/40 MP: 7/7
  2479 | D:4      | Found a hide-covered altar of Uskayaw.
  2508 | D:4      | Noticed Menkaure
  2518 | D:4      | Killed Menkaure
  2818 | D:4      | Reached skill level 5 in Axes
  3097 | D:5      | Entered Level 5 of the Dungeon
  3181 | D:5      | Reached skill level 5 in Armour
  3282 | D:5      | Noticed Blork the orc
  3292 | D:5      | Killed Blork the orc
  3292 | D:5      | Reached XP level 8. HP: 37/44 MP: 8/8
  3338 | D:5      | Found a sparkling altar of Nemelex Xobeh.
  3473 | D:5      | Noticed Sigmund
  3483 | D:5      | Killed Sigmund
  3483 | D:5      | Reached skill level 5 in Dodging
  3747 | D:5      | Reached skill level 6 in Armour
  4397 | D:6      | Got a slimy hand crossbow
  4449 | D:6      | Reached XP level 9. HP: 11/48 MP: 9/9
  4737 | D:6      | Identified the +0 leather armour "Ristu" {rCorr Str+3}
  4758 | D:6      | HP: 1/48 [orc warrior/+0 mace (9)]
  4760 | D:6      | Reached skill level 7 in Armour
  5466 | D:6      | Found Lenirewn's Book Emporium.
  5693 | D:7      | Found a staircase to the Ecumenical Temple.
  5763 | Temple   | Entered the Ecumenical Temple
  5867 | Temple   | Became a worshipper of Ashenzari the Shackled
  5933 | D:7      | Found a transporter.
  5960 | D:7      | Noticed HEYYEYAAE's ghost (novice OpHu)
  5962 | D:7      | Identified the +6 fustibalus "Xayrgh" {venom, MR++ Str-4
                  | SInv}
  5968 | D:7      | Identified the cursed +1 ring mail "Zerpheac" {SInv}
  5974 | D:7      | Found a transporter.
  5995 | D:7      | Identified the +1 spear "Geisonam" {elec, rElec rN+ Int+4}
  5995 | D:7      | Identified the +5 ring mail of Wasted Space {Str+3 Dex+4}
  5995 | D:7      | Identified the cursed +0 buckler of the Thistle {rC- Regen+
                  | Str+7 Int-3}
  6040 | D:7      | Noticed Harold
  6047 | D:7      | Paralysed by Harold for 5 turns
  6071 | D:7      | Paralysed by Harold for 6 turns
  6079 | D:7      | Paralysed by Harold for 6 turns
  6092 | D:7      | Paralysed by Harold for 4 turns
  6100 | D:7      | Killed Harold
  6100 | D:7      | Reached skill level 8 in Armour
  6558 | D:7      | Got the uncursed ring mail of Distant Shores {+Inv rF-
                  | Str+2}
  6665 | D:8      | Found a staircase to the Lair.
  6813 | D:8      | Identified the Handbook of Shifting Feathers
  7287 | D:8      | Reached XP level 10. HP: 53/53 MP: 10/10
  7489 | D:9      | Reached skill level 9 in Armour
  8068 | D:10     | Entered Level 10 of the Dungeon
  8094 | D:10     | Noticed Ukhluk's ghost (journeyman TrMo)
  8095 | D:10     | Found a transporter.
  8097 | D:10     | Found a transporter.
  8116 | D:10     | Noticed an ogre mage
  8162 | D:10     | Reached * piety under Ashenzari
  8256 | D:10     | Found Uvoaloav's Assorted Antiques.
  8750 | D:11     | Noticed a cyclops
  8931 | D:11     | Noticed a cyclops
  8942 | D:11     | Mangled by a cyclops

Skill      XL: |  1  2  3  4  5  6  7  8  9 10 |
---------------+-------------------------------+-----
Armour         | 1 2 3 4 5 6 8 9 |  9.6
Axes           | 3 4 5 6 7 8 |  8.6
Dodging        | 3 4 5 7 |  7.8
Fighting       | |  2.1
Throwing       | |  1.7

Action                   |  1- 3 |  4- 6 |  7- 9 | 10-12 || total
-------------------------+-------+-------+-------+-------++-------
Melee: War axe           |   122 |   187 |   477 |   151 ||   937
Throw: Throwing net      |       |       |     5 |       ||     5
       Tomahawk          |       |       |     2 |       ||     2
  Use: Scroll            |       |       |     6 |     3 ||     9
       Potion            |       |       |     4 |       ||     4
 Stab: Invisible         |       |       |     2 |       ||     2
       Held in net/web   |       |       |     2 |       ||     2
  Eat: Chunk             |       |     4 |    18 |     4 ||    26
Armor: Chain mail        |   126 |   119 |   285 |    82 ||   612
       Skin              |       |       |    27 |       ||    27
Dodge: Dodged            |    82 |    85 |   244 |   115 ||   526
Block: Other             |       |     3 |    28 |    19 ||    50
       Reflection        |       |       |     2 |     2 ||     4
